Map: [ESL] Hecate

Players

Clem

  • Race: Terran Terran
  • Spawn Location: 1:00

Dark - Winner!

  • Race: Zerg Zerg
  • Spawn Location: 7:00

Event: ESL SC2 Masters 2023 Winter (Finals)

VOD

Have the link to the VOD?

Description

Time

  • Played on: Dec. 17, 2023, 6:09 p.m.
  • Length: 16:40

All games in this series

Show
View Real Time Build Order
Export as new Build Order

Clem Terran 

Build Orders: Hellion Opening, Reaper Expand 

Get SALT Encoding   

  12  0:00  SCV  
  13  0:12  SCV  
  14  0:16  Supply Depot  
  14  0:24  SCV  
  15  0:38  SCV  
  15  0:39  Barracks  
  15  0:42  Refinery  
  16  0:50  SCV  
  17  1:02  SCV  
  18  1:14  SCV  
  19  1:26  Reaper  
  19  1:27  Orbital Command  
  20  1:37  Command Center  
  20  1:45  Supply Depot  
  20  1:53  SCV  
  21  1:58  Marine  
  22  2:05  SCV  
  23  2:10  Factory  
  23  2:17  SCV  
  23  2:19  Barracks Reactor  
  24  2:29  SCV  
  25  2:40  Command Center  
  25  2:42  SCV  
  26  2:50  Orbital Command  
  26  2:54  SCV  
  27  2:58  Starport  
  27  3:03  Hellion  
  29  3:06  SCV  
  29  3:10  Hellion  
  32  3:16  Refinery  
  32  3:17  SCV  
  32  3:18  SCV  
  34  3:21  Barracks Tech Lab  
  34  3:27  Hellion  
  34  3:29  SCV  
  34  3:30  SCV  
  34  3:32  Hellion  
  40  3:37  Viking  
  42  3:41  SCV  
  42  3:45  Marine, SCV  
  45  3:52  Orbital Command, Hellion  
  45  3:54  Hellion  
  49  3:55  SCV  
  49  3:58  SCV  
  51  4:05  Supply Depot  
  51  4:07  SCV  
  51  4:09  Liberator  
  55  4:10  SCV  
  55  4:16  Hellion  
  58  4:18  Hellion, SCV  
  61  4:26  Stimpack  
  61  4:27  SCV x2  
  61  4:30  SCV  
  64  4:33  Barracks  
  64  4:35  Barracks  
  64  4:37  Supply Depot  
  64  4:39  SCV, Supply Depot  
  64  4:41  Marine  
  64  4:43  SCV x2  
  68  4:49  Factory Reactor  
  68  4:51  SCV  
  69  4:53  Engineering Bay x2  
  69  4:54  Starport Reactor  
  69  4:57  Orbital Command  
  69  4:58  Refinery  
  69  4:59  Refinery  
  69  5:01  SCV  
  69  5:03  SCV  
  69  5:04  Supply Depot  
  71  5:08  Supply Depot  
  71  5:13  SCV  
  72  5:15  Marine  
  72  5:16  SCV  
  72  5:19  Barracks  
  74  5:22  Barracks  
  74  5:25  SCV  
  74  5:28  SCV  
  76  5:33  Marine  
  76  5:35  Terran Infantry Weapons Level 1, Terran Infantry Armor Level 1, SCV  
  76  5:37  SCV  
  76  5:38  Factory Reactor  
  76  5:39  Supply Depot  
  76  5:41  Marine  
  67  5:42  Marine  
  67  5:43  SCV, Marine x2  
  67  5:44  Medivac  
  67  5:47  SCV, Medivac  
  67  5:48  Supply Depot  
  71  5:50  SCV  
  71  5:51  Marine  
  71  5:56  SCV  
  74  5:59  SCV, Marine  
  74  6:00  Marine  
  74  6:02  SCV, Marine x2  
  80  6:04  Supply Depot  
  80  6:05  Combat Shield  
  80  6:08  SCV  
  80  6:12  Supply Depot, SCV  
  80  6:14  SCV, Marine  
  80  6:17  Barracks Reactor x2, Widow Mine x2  
  85  6:20  Marine, SCV  
  85  6:22  Marine  
  85  6:24  SCV  
  85  6:25  Supply Depot  
  89  6:26  SCV  
  89  6:29  Marine x2  
  93  6:33  Factory, Medivac  
  93  6:34  Marine  
  93  6:35  Refinery  
  93  6:36  Supply Depot  
  93  6:38  Supply Depot, Marine  
  93  6:39  Marine  
  96  6:40  SCV  
  96  6:41  SCV x2  
  96  6:43  Medivac  
  96  6:45  Widow Mine  
  104  6:49  Widow Mine  
  104  6:50  Marine  
  104  6:52  Supply Depot  
  104  6:53  Marine x3  
  104  6:54  Marine  
  111  6:57  Armory  
  111  7:00  SCV x3  
  99  7:02  Marine  
  99  7:03  Marine  
  99  7:05  Marine x2  
  99  7:06  Widow Mine  
  105  7:12  SCV, Supply Depot  
  105  7:14  Marine, SCV  
  105  7:15  Marine  
  109  7:17  Factory Tech Lab  
  109  7:18  SCV  
  109  7:19  Marine x2  
  109  7:20  Marine  
  113  7:24  SCV, Widow Mine  
  113  7:25  Medivac  
  113  7:28  Medivac  
  120  7:31  SCV  
  120  7:32  Marine  
  120  7:33  SCV, Marine  
  120  7:34  Marine  
  120  7:35  Marine  
  126  7:38  Marine  
  126  7:40  Widow Mine  
  129  7:44  SCV  
  129  7:45  SCV  
  129  7:46  Drilling Claws  
  129  7:47  Terran Infantry Weapons Level 2  
  128  7:53  Command Center  
  123  8:00  Marine x2, Widow Mine x2  
  123  8:02  Marine  
  123  8:04  Medivac x2  
  134  8:11  Widow Mine  
  134  8:12  Marine  
  135  8:18  Marine x2  
  135  8:19  Marine x6  
  140  8:21  SCV x2, Widow Mine  
  140  8:24  Supply Depot  
  140  8:26  SCV  
  146  8:30  Widow Mine, Marine  
  146  8:32  Widow Mine  
  146  8:33  Medivac  
  146  8:34  Medivac  
  155  8:36  Marine  
  155  8:39  Terran Infantry Armor Level 2  
  152  8:42  Marine x3  
  152  8:44  Marine  
  152  8:45  Marine  
  152  8:46  Widow Mine, Marine x2  
  134  8:49  Marine  
  134  8:51  Widow Mine  
  134  8:52  SCV x3  
  134  8:53  Refinery  
  134  8:54  Marine  
  141  8:57  Widow Mine  
  141  8:58  Barracks  
  141  9:01  Barracks  
  143  9:05  Barracks  
  143  9:08  SCV  
  143  9:09  Liberator, SCV x2  
  149  9:11  Liberator  
  149  9:14  Widow Mine  
  149  9:15  Widow Mine  
  156  9:18  Marine x4  
  156  9:19  Marine  
  156  9:21  Marauder, SCV  
  156  9:23  Widow Mine, Marine  
  167  9:25  SCV  
  167  9:28  Supply Depot  
  168  9:36  Widow Mine  
  168  9:37  Widow Mine  
  168  9:38  SCV, Marine x2  
  153  9:48  Marine, Widow Mine  
  153  9:49  Marine, Marauder  
  153  9:51  Terran Vehicle And Ship Armor Level 1  
  158  9:53  Marine x2  
  158  9:54  Marine  
  158  9:57  Marine, Widow Mine  
  158  9:58  Marine  
  158  9:59  Barracks Tech Lab, Marine, Widow Mine  
  169  10:00  Barracks Tech Lab  
  169  10:01  Barracks Tech Lab  
  169  10:02  Planetary Fortress  
  169  10:03  Ghost Academy  
  168  10:10  Marauder  
  168  10:12  Widow Mine  
  168  10:13  Marine x4  
  175  10:19  Marauder  
  175  10:21  Marauder  
  179  10:23  Marauder  
  179  10:25  Marine  
  179  10:26  Command Center  
  179  10:27  Liberator, Refinery  
  179  10:28  Refinery  
  181  10:31  Marauder  
  183  10:36  Terran Infantry Weapons Level 3  
  183  10:40  Marauder, Widow Mine  
  183  10:42  Marauder  
  189  10:44  Marauder  
  189  10:46  Supply Depot  
  191  10:52  Ghost  
  191  10:53  Orbital Command  
  187  10:58  Widow Mine  
  187  11:01  Ghost  
  187  11:03  Ghost, Widow Mine  
  167  11:05  Ghost  
  167  11:06  Marine  
  167  11:07  Marine x2  
  167  11:09  Widow Mine  
  166  11:16  Liberator  
  163  11:21  Marauder  
  163  11:22  Widow Mine  
  156  11:30  Marauder  
  156  11:31  SCV, Marine  
  156  11:32  Marine, Marauder  
  133  11:34  Orbital Command  
  133  11:36  SCV  
  120  11:43  SCV  
  120  11:44  SCV  
  120  11:45  Command Center  
  121  11:47  Widow Mine  
  121  11:49  Liberator, SCV  
  121  11:53  Orbital Command  
  127  11:54  Ghost  
  127  11:55  Ghost, SCV  
  127  11:57  Orbital Command  
  127  11:59  SCV  
  129  12:03  Medivac  
  129  12:05  Widow Mine  
  129  12:07  Marine x2  
  129  12:08  SCV  
  135  12:09  SCV  
  135  12:14  Missile Turret  
  136  12:15  SCV  
  136  12:21  SCV  
  136  12:28  Marauder  
  138  12:32  Marauder x2, Marine x2, Widow Mine x2, Medivac  
  138  12:33  SCV x3, Medivac  
  138  12:34  Marine  
  138  12:35  Marine x3, Marauder  
  159  12:38  SCV x2  
  161  12:45  SCV  
  161  12:46  Widow Mine  
  161  12:49  Marauder, SCV  
  165  12:52  Sensor Tower  
  165  12:54  Marauder  
  165  12:55  Marauder  
  165  12:56  SCV  
  170  13:02  Medivac  
  170  13:03  Liberator, Marauder  
  170  13:04  SCV, Marine  
  179  13:13  Marauder, Widow Mine, Marine  
  179  13:18  Marauder, Marine x2  
  179  13:19  Orbital Command, Marauder  
  190  13:24  Marauder  
  190  13:30  Widow Mine, Marine x2  
  190  13:31  Medivac  
  164  13:35  Widow Mine, Marine, Marauder  
  164  13:39  SCV  
  164  13:40  Marauder x2, SCV  
  170  13:43  SCV  
  170  13:45  Refinery  
  170  13:46  Medivac  
  170  13:48  Marine  
  170  13:54  Planetary Fortress, SCV x2, Marine x2  
  170  13:55  Marauder, Widow Mine  
  178  14:01  Medivac, Marine, Widow Mine  
  178  14:02  SCV  
  183  14:05  SCV  
  184  14:12  Widow Mine  
  186  14:24  Supply Depot x2  
  186  14:32  Concussive Shells  
  186  14:36  Medivac, Marine  
  186  14:37  Marauder  
  186  14:45  Marine x4  
  186  14:46  Marauder x2, Widow Mine, Marine x3, SCV  
  200  14:57  Marauder  
  200  14:58  Marauder  
  200  15:05  Widow Mine  
  187  15:07  Marauder  
  180  15:20  Marine x2  
  180  15:21  Marauder x2, Widow Mine  
  159  15:22  Marine x2  
  159  15:23  Marauder, Marine x2  
  156  15:34  Barracks x4  
  156  15:35  Barracks x2  
  148  15:36  Barracks  
  148  15:38  Marine  
  148  15:40  Marine x2  
  142  15:48  Marine  
  115  15:58  Orbital Command  
  115  16:01  Command Center  
  100  16:10  Supply Depot x2  
  100  16:11  Supply Depot x3  
  98  16:12  Supply Depot x2  
Show
View Real Time Build Order
Export as new Build Order

Dark Zerg - Winner!

Build Orders: Hatch First 

Get SALT Encoding   

  12  0:00  Drone  
  13  0:12  Overlord  
  13  0:16  Drone  
  14  0:30  Drone x2  
  16  0:47  Hatchery  
  15  0:52  Drone  
  15  0:56  Drone  
  17  0:58  Drone  
  18  1:11  Extractor  
  18  1:14  Spawning Pool  
  18  1:16  Drone  
  18  1:18  Drone  
  18  1:27  Drone  
  19  1:41  Drone  
  20  1:50  Drone  
  21  2:00  Queen x2  
  26  2:01  Zergling x4  
  27  2:11  Zergling x2  
  27  2:12  Overlord  
  28  2:28  Hatchery  
  27  2:31  Drone  
  27  2:32  Drone  
  27  2:35  Drone  
  29  2:42  Queen  
  31  2:46  Drone  
  31  2:51  Overlord  
  32  2:52  Drone  
  32  2:54  Drone  
  34  2:58  Metabolic Boost  
  34  3:03  Drone  
  34  3:04  Drone  
  36  3:13  Drone  
  36  3:18  Drone x3, Queen  
  42  3:22  Drone x2  
  44  3:31  Overlord  
  44  3:38  Overlord  
  44  3:39  Queen  
  44  3:40  Overlord  
  47  3:41  Drone  
  47  3:43  Drone  
  47  3:45  Drone  
  47  3:48  Zergling x2  
  50  3:50  Zergling x2  
  50  3:51  Zergling x2  
  50  3:52  Drone x2  
  50  3:54  Drone  
  55  3:59  Queen  
  55  4:01  Drone  
  58  4:03  Drone  
  60  4:10  Zergling x4  
  60  4:11  Drone x2  
  60  4:14  Drone x2  
  65  4:19  Drone x2  
  69  4:24  Drone x3  
  72  4:31  Lair  
  72  4:33  Overlord  
  72  4:35  Extractor  
  72  4:37  Extractor, Baneling Nest  
  67  4:39  Overlord x2  
  67  4:43  Overlord  
  67  4:44  Overlord  
  67  4:50  Queen  
  67  4:51  Drone x2, Overlord  
  67  4:52  Drone  
  72  4:54  Drone x2  
  72  4:58  Drone x4  
  78  5:02  Drone  
  78  5:03  Spore Crawler  
  78  5:05  Drone x2  
  79  5:10  Zergling x4  
  79  5:14  Drone x3  
  84  5:17  Zergling x2  
  85  5:21  Evolution Chamber  
  76  5:29  Drone  
  76  5:30  Drone x4  
  76  5:32  Drone  
  79  5:36  Drone  
  79  5:42  Drone x2  
  77  5:45  Drone, Extractor  
  77  5:47  Drone x3  
  79  5:50  Zerg Melee Weapons Level 1  
  79  5:51  Centrifugal Hooks  
  79  5:54  Drone x3, Evolution Chamber  
  81  6:00  Drone x3  
  81  6:01  Hatchery  
  82  6:04  Zergling x4  
  84  6:15  Extractor x2, Drone x2, Hatchery  
  84  6:16  Infestation Pit, Burrow  
  82  6:20  Zergling x2  
  82  6:21  Zergling x2  
  82  6:22  Baneling x2  
  82  6:23  Baneling x2  
  85  6:25  Zergling x6  
  85  6:26  Zergling x8  
  91  6:33  Zergling x8  
  91  6:34  Baneling x4  
  91  6:35  Baneling x4  
  91  6:37  Zergling x2  
  96  6:42  Zerg Ground Armor Level 1  
  96  6:44  Zergling x4  
  98  6:49  Zergling x2  
  99  6:54  Drone x3  
  99  6:57  Drone  
  99  7:01  Drone x7  
  108  7:07  Infestor, Hydralisk Den  
  108  7:08  Infestor  
  112  7:17  Zergling x2, Drone  
  112  7:20  Zergling x4  
  112  7:22  Zergling x8  
  120  7:24  Overlord x3  
  120  7:28  Hive  
  116  7:31  Zergling x8  
  116  7:34  Zergling x4  
  121  7:39  Zergling x4  
  121  7:41  Drone  
  121  7:42  Spore Crawler  
  122  7:46  Zergling x8  
  122  7:48  Spore Crawler  
  124  7:52  Zergling x2  
  124  7:53  Zergling x8  
  128  7:58  Zergling x10  
  128  8:01  Zergling x4  
  128  8:04  Zergling x2  
  128  8:05  Zergling x2  
  133  8:07  Zergling x2  
  127  8:13  Zerg Melee Weapons Level 2  
  127  8:15  Zergling x14  
  128  8:20  Zergling x6  
  128  8:21  Baneling x6  
  128  8:26  Zergling x6  
  128  8:27  Zergling x8  
  138  8:28  Zergling x2  
  138  8:31  Zergling x2  
  140  8:38  Zerg Ground Armor Level 2  
  134  8:43  Hatchery  
  134  8:46  Zergling x26, Overseer  
  141  8:49  Adrenal Glands  
  141  8:50  Viper x2  
  147  8:56  Baneling x3  
  147  8:57  Zergling x4  
  147  8:58  Overlord x2  
  147  9:00  Infestor, Hatchery  
  148  9:04  Overlord  
  148  9:17  Ultralisk Cavern  
  148  9:19  Zergling x32  
  148  9:21  Infestor  
  148  9:23  Drone x4  
  166  9:26  Baneling x7  
  166  9:28  Drone x2  
  166  9:29  Zergling x2  
  133  9:46  Zergling x22  
  144  9:56  Zergling x18  
  142  10:00  Drone x4  
  142  10:01  Pneumatized Carapace  
  146  10:08  Chitinous Plating  
  146  10:09  Ultralisk  
  146  10:11  Zergling x6  
  153  10:14  Zergling x2  
  153  10:15  Zergling x2  
  153  10:17  Drone x4  
  152  10:21  Zergling x10  
  152  10:22  Zergling x6  
  152  10:26  Zergling x2  
  152  10:27  Zergling x6  
  162  10:31  Drone x3, Spore Crawler  
  162  10:33  Baneling x2  
  163  10:36  Infestor  
  163  10:37  Infestor  
  163  10:40  Zergling x4  
  169  10:48  Baneling x7  
  169  10:49  Zergling x6  
  170  10:50  Zergling x2  
  170  10:55  Zergling x2  
  169  11:03  Zergling x2  
  162  11:06  Zergling x22  
  162  11:07  Zergling x2  
  164  11:16  Zergling x16  
  164  11:18  Zergling x6  
  151  11:27  Anabolic Synthesis  
  151  11:29  Ultralisk x2  
  151  11:30  Zergling x8  
  133  11:40  Hatchery  
  133  11:41  Drone x3  
  133  11:43  Zerg Ground Armor Level 3  
  133  11:44  Zergling x4  
  137  11:47  Zergling x4  
  138  11:57  Drone x5, Spore Crawler  
  132  12:09  Drone, Ultralisk  
  132  12:10  Drone x2  
  132  12:12  Zergling x18  
  147  12:19  Drone x2  
  147  12:22  Zergling x16  
  154  12:26  Drone x3  
  155  12:32  Ultralisk, Overlord x3  
  155  12:36  Baneling x8  
  160  12:37  Baneling  
  160  12:38  Zergling x6  
  163  12:56  Zergling x4  
  163  12:57  Spire  
  164  12:59  Overlord  
  164  13:01  Drone x3  
  164  13:02  Zergling x14  
  164  13:04  Zergling x4  
  164  13:05  Zergling x2  
  175  13:10  Zergling x2  
  175  13:11  Zergling x2  
  176  13:15  Zergling x2  
  176  13:16  Zergling x6  
  176  13:18  Zergling x2  
  179  13:21  Zergling x4  
  174  13:31  Zergling x4  
  174  13:32  Zergling x10  
  162  13:38  Drone  
  162  13:39  Drone x4  
  165  13:43  Baneling x9  
  165  13:45  Zerg Melee Weapons Level 3  
  165  13:47  Zergling x2, Ultralisk  
  165  13:48  Zergling x10  
  175  13:54  Zergling x4  
  177  13:59  Ultralisk  
  177  14:02  Zergling x8, Overlord  
  184  14:07  Zergling x2  
  184  14:08  Zergling x8  
  184  14:09  Overseer  
  185  14:11  Drone  
  185  14:12  Extractor  
  185  14:13  Extractor  
  185  14:16  Zergling x4  
  183  14:19  Zergling x4  
  183  14:21  Zergling x4  
  183  14:22  Ultralisk  
  193  14:27  Zergling x6  
  193  14:28  Zergling x2, Overseer  
  196  14:38  Zergling x24  
  199  14:39  Infestor x2  
  199  14:41  Baneling  
  199  14:42  Baneling x3  
  199  14:46  Baneling x8  
  192  14:59  Zergling x10  
  176  15:00  Zergling x24  
  176  15:04  Zergling x2  
  176  15:05  Zergling x4  
  167  15:08  Zergling x4  
  167  15:12  Ultralisk  
  146  15:22  Zergling x28  
  146  15:26  Baneling x5  
  146  15:27  Zergling x6  
  150  15:32  Zergling x4  
  147  15:36  Zergling x6  
  147  15:39  Zergling x4  
  150  15:43  Corruptor x3  
  150  15:46  Zergling x4  
  145  15:50  Zergling x6  
  145  15:56  Baneling Nest, Corruptor  
  146  16:00  Zergling x10  
  146  16:02  Overseer  
  146  16:06  Drone x5  
  146  16:10  Zergling x4  
  151  16:18  Zergling x6  
  154  16:20  Zergling x2  
Tags
 
Add a new tag
Caveats
  • Supply blocks, unpowered buildings, or Contaminate may cause inaccurate times.
  • Supply counts are checked every 10 seconds.